 Dungeon Crawl Stone Soup version 0.25-a0-737-g26c3a87c45 (webtiles) character file.

Game seed: 6045198077496688514, levelgen mode: deterministic

114 Esekla the Skirmisher (level 4, 0/35 HPs)
             Began as a Barachi Warper on Apr 11, 2020.
             Was an Initiate of Okawaru.
             Slain by a gnoll
             ... wielding a +0 flail
              (7 damage)
             ... on level 5 of the Dungeon.
             The game lasted 00:09:22 (1580 turns).

Esekla the Skirmisher (Barachi Warper)              Turns: 1580, Time: 00:09:22

Health: 0/35       AC:  3    Str: 12    XL:     4   Next: 98%
Magic:  6/7        EV: 13    Int: 14    God:    Okawaru [......]
Gold:   71         SH:  0    Dex: 12    Spells: 4/8 levels left

rFire    . . .     SeeInvis .   n - +2 short sword (venom)
rCold    . . .     Gourm    .   (no shield)
rNeg     . . .     Faith    .   b - +0 leather armour
rPois    .         Spirit   .   (no helmet)
rElec    .         Reflect  .   (no cloak)
rCorr    .         Harm     .   (no gloves)
MR       .....                  (no boots)
Stlth    +.........             (no amulet)
HPRegen  0.11/turn              h - +1 ring of evasion
MPRegen  0.10/turn              (no ring)

@: slow
A: +LOS, swims, slowness 1, strong legs 1
a: Hop, Renounce Religion


You were on level 5 of the Dungeon.
You worshipped Okawaru.
Okawaru was noncommittal.
You were not hungry.

You visited 1 branch of the dungeon, and saw 4 of its levels.

You collected 71 gold pieces.

Inventory:

Hand Weapons
 a - a +0 falchion
 n - a +2 short sword of venom (weapon)
Missiles
 e - 5 boomerangs of dispersal (quivered)
 q - 16 poisoned darts
Armour
 b - a +0 leather armour (worn)
Jewellery
 h - a +1 ring of evasion (left hand)
 t - an uncursed ring of stealth {unknown}
Wands
 C - a wand of flame (5)
Scrolls
 d - a scroll of blinking
 m - 2 scrolls of remove curse {unknown}
 p - a scroll of enchant weapon {unknown}
 r - 2 scrolls of teleportation {unknown}
 s - 2 scrolls of identify {unknown}
 v - a scroll of amnesia {unknown}
 w - a scroll of fear {unknown}
 x - a scroll of enchant armour {unknown}
 y - a scroll of magic mapping {unknown}
Potions
 c - 3 potions of mutation {unknown}
 g - 2 potions of haste {unknown}
 i - a potion of stabbing {unknown}
 j - 2 potions of magic {unknown}
 k - a potion of invisibility {unknown}
 l - a potion of brilliance {unknown}
 o - a potion of degeneration {unknown}
 u - a potion of flight {unknown}
 z - a potion of might {unknown}
 B - a potion of heal wounds {unknown}
Comestibles
 f - 3 rations
 A - a chunk of flesh


   Skills:
 * Level 3.4 Fighting
 + Level 0.9(2.0) Short Blades
 * Level 3.2(3.3) Long Blades
 + Level 1.0 Throwing
 + Level 2.3 Armour
 + Level 3.0 Dodging
 + Level 2.5 Spellcasting
 * Level 1.6 Charms
 - Level 3.2 Translocations


You had 4 spell levels left.
You knew the following spells:

 Your Spells              Type           Power        Failure   Level  Hunger
a - Shroud of Golubria    Chrm/Tloc      #.....       16%         2    ###....
b - Blink                 Tloc           N/A          11%         2    ###....

Your spell library contained the following spells:

 Spells                   Type           Power        Failure   Level  Hunger
 Gell's Gravitas          Tloc           ##........   22%         3    ###....
 Lesser Beckoning         Tloc           ##........   22%         3    ###....
 Teleport Other           Tloc           ##......     22%         3    ###....
 Passage of Golubria      Tloc           N/A          58%         4    #####..


Dungeon Overview and Level Annotations

Branches:
Dungeon (3/15)             Temple (0/1) D:5

Altars:
Okawaru

Annotations:
D:2 Natasha


Innate Abilities, Weirdness & Mutations

You can be seen from farther away. (+LOS)
You can swim through water.
You cover ground slowly.
You can hop short distances.


Message History

The gnoll shaman calls upon its god to speed up the gnoll.
The gnoll seems to speed up.
The gnoll shouts!
The gnoll barely misses you.
The gnoll hits you from afar with a +1 spear of freezing.
The gnoll freezes you.
Casting: Shroud of Golubria (safe; 16% risk of failure)
Confirm with . or Enter, or press ? or * to list all spells.
Space distorts slightly along a thin shroud covering your body.
You hit the gnoll.
The gnoll is poisoned.
The gnoll is moderately wounded.
The gnoll closely misses you.
The gnoll hits you from afar with a +1 spear of freezing!
Your shroud falls apart!
The gnoll freezes you. The gnoll hits you with a +0 flail!
* * * LOW HITPOINT WARNING * * *
The gnoll shaman calls upon its god to heal the gnoll.
The gnoll's wounds heal themselves!
The gnoll hits you with a +0 flail!
You die...

.#.).......# ...........#
...###....# ##'# .# ##.#.#
##...# .# #..#.#
##.....#.###.##.#
##....>..........#
#.........###....##########
+...⌠.⌠.⌠.+..@.............
#...8.8.8.###.g..##########
#.....g..# #g#.##
#..?..g####.#####
##...##gg..g....# ##+
#.###.###(## #.# #......#
#.#######..# #..........#


You could see a gnoll shaman and 2 gnolls.

Vanquished Creatures
  A scorpion (D:3)
  2 adders (D:3)
  2 worms (D:3)
  A dart slug (D:1)
  A leopard gecko (D:1)
  3 giant cockroaches
  4 goblins
  2 hobgoblins
  2 quokkas (D:3)
  10 bats
  2 frilled lizards (D:3)
  6 kobolds
  2 rats
38 creatures vanquished.

Notes
Turn   | Place    | Note
-------+----------+-------------------------------------------
     0 | D:1      | Esekla the Barachi Warper began the quest for the Orb.
     0 | D:1      | Reached XP level 1. HP: 17/17 MP: 3/3
     1 | D:1      | Found an iron altar of Okawaru.
    14 | D:1      | Became a worshipper of Warmaster Okawaru
    27 | D:2      | Noticed Natasha
   148 | D:1      | Reached XP level 2. HP: 9/23 MP: 3/5
   171 | D:1      | Learned a level 2 spell: Shroud of Golubria
   174 | D:1      | Learned a level 2 spell: Blink
   969 | D:3      | Reached XP level 3. HP: 11/29 MP: 4/6
  1414 | D:3      | Noticed a scorpion
  1429 | D:3      | Killed a scorpion
  1429 | D:3      | Reached skill level 1 in Charms
  1429 | D:3      | Reached XP level 4. HP: 29/35 MP: 7/7
  1519 | D:3      | You fall into a shaft and drop 2 floors!
  1519 | D:5      | Entered Level 5 of the Dungeon
  1519 | D:5      | Found a staircase to the Ecumenical Temple.
  1580 | D:5      | Slain by a gnoll

Levels and vault maps discovered:
D:1:      sevenhm_arrival_forest_fort_small_6, layout_basic, fountainhead
D:2:      layout_rooms, first_ration, hangedman_decor_push, trog_book,
          uniq_natasha
D:3:      layout_loops_ring, tgw_fedhas
D:5:      layout_loops_corners, kennysheep_mini, doesnt_xom_only_xom,
          minmay_temple_entry_drinking_statues, guppyfry_early_orc_mine,
          uniq_blork_the_orc

Skill      XL: |  1  2  3 |
---------------+----------+-----
Fighting       | 3 |  3.4
Long Blades    | 3 |  3.2
Armour         | 2 |  2.3
Dodging        | 3 |  3.0
Charms         | 1 |  1.6
Short Blades   | |  0.9
Throwing       | |  1.0
Spellcasting   | |  2.5
Translocations | |  3.2

Action                   |  1- 3 |  4- 6 || total
-------------------------+-------+-------++-------
Melee: Falchion          |    60 |       ||    60
       Short sword       |    45 |     7 ||    52
 Cast: Shroud of Golubri |     2 |     1 ||     3
 Abil: Hop               |     2 |       ||     2
  Eat: Chunk             |     2 |     1 ||     3
Armor: Leather armour    |    35 |     3 ||    38
Dodge: Dodged            |   105 |     4 ||   109
       Rpst.: Falchion   |    19 |       ||    19

Table legend:
 A = Non-vault XP
 B = Vault XP
 C = Vault XP percentage of total XP
 D = Non-vault monster count
 E = Vault monster count
 F = Vault count percentage of total count
                 A         B        C        D         E       F
            +---------+---------+-------+---------+---------+-------
      Total |     164 |       0 |   0.0 |      38 |       0 |   0.0
            +---------+---------+-------+---------+---------+-------
        D:1 |      28 |       0 |   0.0 |      15 |       0 |   0.0
        D:2 |       5 |       0 |   0.0 |       4 |       0 |   0.0
        D:3 |     131 |       0 |   0.0 |      19 |       0 |   0.0
            +---------+---------+-------+---------+---------+-------
